 Dungeon Crawl Stone Soup version 0.20.1-1-g8b1a95d (webtiles) character file.

191 tmwrnj the Chopper (level 5, 0/47 HPs)
             Began as a Hill Orc Fighter on Oct 4, 2017.
             Killed from afar by an orc wizard (2 damage)
             ... with a puff of flame
             ... on level 5 of the Dungeon.
             The game lasted 00:07:46 (3167 turns).

tmwrnj the Chopper (Hill Orc Fighter)               Turns: 3167, Time: 00:07:46

Health: 0/47       AC:  8    Str: 20    XL:     5   Next: 70%
Magic:  5/5        EV:  8    Int:  8    God:
Gold:   115        SH:  9    Dex: 10    Spells: 4/4 levels left

rFire    + . .     SeeInvis .   a - +0 war axe
rCold    + + .     Gourm    .   c - +0 shield
rNeg     . . .     Faith    .   b - +0 scale mail
rPois    +         Spirit   .   (no helmet)
rElec    +         Reflect  .   (no cloak)
rCorr    +         Harm     .   (no gloves)
MR       .....                  p - +0 pair of boots
Stlth    ..........             (no amulet)
Regen    0.2/turn               e - ring of protection from cold
MPRegen  0.1/turn               (no ring)

@: lethally poisoned (0 -> -2), resistant, flying
A: no striking features
a: no special abilities


You were on level 5 of the Dungeon.
You were hungry.

You visited 1 branch of the dungeon, and saw 5 of its levels.

You collected 115 gold pieces.

Inventory:

Hand Weapons
 a - a +0 war axe (weapon)
 s - a +0 club
Armour
 b - a +0 scale mail (worn)
 c - a +0 shield (worn)
 p - a +0 pair of boots (worn)
Jewellery
 e - a ring of protection from cold (left hand)
Scrolls
 i - 2 scrolls of magic mapping
 j - 2 scrolls of remove curse
 k - 2 scrolls of identify
 l - a scroll of amnesia {unknown}
 m - a scroll of immolation {unknown}
 n - 4 scrolls of teleportation
Potions
 d - 2 potions of might
 g - 2 potions of flight
 h - 2 potions of haste {unknown}
 o - 2 potions of resistance
 r - a potion of curing {unknown}
Books
 u - the Grimoire of Shifting Ice
   (You found it on level 4 of the Dungeon)

   Spells                             Type                      Level
   a - Beastly Appendage              Transmutation                1
   b - Throw Frost                    Conjuration/Ice              2
   c - Passwall                       Transmutation/Earth          2
   d - Summon Ice Beast               Ice/Summoning                4
   e - Metabolic Englaciation         Hexes/Ice                    5
   f - Hydra Form                     Transmutation                6
Comestibles
 f - 3 bread rations
 q - 2 meat rations


   Skills:
 + Level 4.4 Fighting
 + Level 4.6 Axes
 + Level 4.2 Armour
 + Level 1.0 Dodging
 + Level 4.3 Shields


You had 4 spell levels left.
You didn't know any spells.

Dungeon Overview and Level Annotations

Branches:
Dungeon (5/15)             Temple (0/1) D:4

Altars:
Ru

Annotations:
D:3 Totori's ghost, amateur MiGl


Message History

You closely miss something.
You feel sick. Something hits you but does no damage. Something hits you.
* * * LOW HITPOINT WARNING * * *
You hit something but do no damage. Something hits you.
* * * LOW HITPOINT WARNING * * *
Something hits you but does no damage.
It was a potion of flight.
You feel very buoyant.
You fly up into the air.
You feel sick. Something hits you but does no damage.
It was a potion of resistance.
You feel protected.
Something hits you but does no damage. x2
You closely miss something.
You feel sick.
Something hits you but does no damage. x2
You miss something. Something hits you.
* * * LOW HITPOINT WARNING * * *
You hear some strange, mumbled words.
A puff of flame appears from out of thin air!
The puff of flame hits you! You resist.
You die...

#.... #....
#..$.
..oo###
.....##
#....#
#...# ##).#
##@{.#
#<#..#
#....(.##
#...#######
##


There were no monsters in sight!

Vanquished Creatures
  A hound (D:4)
  Jessica (D:3)
  An iguana (D:4)
  A hound skeleton (D:4)
  2 oozes
  2 worms
  2 dart slugs (D:1)
  4 leopard geckos
  5 orcs
  2 giant cockroaches
  3 goblins
  8 hobgoblins
  6 jackals
  5 kobolds
  2 quokkas (D:2)
  A ball python (D:4)
  14 bats
  5 frilled lizards
  5 rats
70 creatures vanquished.

Vanquished Creatures (others)
  A hobgoblin (D:1)
1 creature vanquished.

Grand Total: 71 creatures vanquished

Notes
Turn   | Place    | Note
-------+----------+-------------------------------------------
     0 | D:1      | tmwrnj the Hill Orc Fighter began the quest for the Orb.
     0 | D:1      | Reached XP level 1. HP: 19/19 MP: 1/1
    72 | D:1      | Reached XP level 2. HP: 26/27 MP: 2/2
   348 | D:1      | Reached XP level 3. HP: 33/33 MP: 3/3
   785 | D:2      | Reached XP level 4. HP: 40/40 MP: 4/4
  1400 | D:3      | Noticed Jessica
  1419 | D:3      | Killed Jessica
  1700 | D:3      | Noticed a phantom
  1797 | D:3      | Noticed Totori's ghost (amateur MiGl)
  2101 | D:4      | Reached XP level 5. HP: 46/46 MP: 5/5
  2113 | D:4      | Identified the Grimoire of Shifting Ice
  2140 | D:4      | Noticed an ogre
  2410 | D:3      | Found a sacrificial altar of Ru.
  2786 | D:4      | Reached skill level 1 in Dodging
  3007 | D:4      | Found a staircase to the Ecumenical Temple.
  3141 | D:5      | Entered Level 5 of the Dungeon
  3167 | D:5      | HP: 2/47 [something (3)]
  3167 | D:5      | Killed from afar by an orc wizard

Skill      XL: |  1  2  3  4  5 |
---------------+----------------+-----
Axes           | 3 4 |  4.6
Fighting       | 4 |  4.4
Shields        | 4 |  4.3
Armour         | 4 |  4.2
Dodging        | 1 |  1.0

Action                   |  1- 3 |  4- 6 || total
-------------------------+-------+-------++-------
Melee: War axe           |   110 |   148 ||   258
  Use: Scroll            |       |     3 ||     3
       Potion            |       |     2 ||     2
  Eat: Chunk             |       |     7 ||     7
Armor: Scale mail        |    77 |    77 ||   154
Dodge: Dodged            |    44 |    65 ||   109
Block: Shield            |    83 |    71 ||   154
